 Dungeon Crawl Stone Soup version 0.26-a0-597-gb535b0901c (webtiles) character file.

Game seed: 2934579057384935033

2599 Alarkh the Grappler (level 9, -13/68 HPs)
             Began as a Demonspawn Gladiator on Sept 10, 2020.
             Was a Priest of Uskayaw.
             Mangled by a white ugly thing (23 damage)
             ... on level 9 of the Dungeon.
             The game lasted 00:05:59 (6567 turns).

Alarkh the Grappler (Demonspawn Gladiator)          Turns: 6567, Time: 00:06:00

Health: -13/68     AC:  5    Str: 15    XL:     9   Next: 33%
Magic:  13/13      EV: 13    Int: 13    God:    Uskayaw [***...]
Gold:   323        SH:  0    Dex: 20    Spells: 8/8 levels left

rFire    . . .     SeeInvis .     - Unarmed
rCold    . . .     Faith    .   (no shield)
rNeg     + . .     Spirit   .   a - +0 leather armour
rPois    .         Reflect  .   b - +0 helmet
rElec    .         Harm     .   (no cloak)
rCorr    .                      (no gloves)
MR       .....                  q - +0 pair of boots
Stlth    ++........             l - amulet of magic regeneration
HPRegen  0.21/turn              e - +6 ring of dexterity
MPRegen  0.38/turn              o - ring of positive energy

@: no status effects
A: claws 2, spiny 1, sturdy frame 1
a: Stomp, Line Pass, Renounce Religion


You were on level 9 of the Dungeon.
You worshipped Uskayaw.
Uskayaw was noncommittal.
You visited 2 branches of the dungeon, and saw 10 of its levels.

You collected 371 gold pieces.
You spent 48 gold pieces at shops.

Inventory:

Missiles
 c - 3 throwing nets (quivered)
Armour
 a - a +0 leather armour (worn)
 b - a +0 helmet (worn)
 q - a +0 pair of boots (worn)
Jewellery
 e - a +6 ring of dexterity (left claw)
 l - an amulet of magic regeneration (around neck)
 o - a ring of positive energy (right claw)
 t - an uncursed ring of positive energy
 w - an uncursed ring of ice
Wands
 E - a wand of flame (22)
 F - a wand of iceblast (7)
 G - a wand of disintegration (21)
 H - a wand of polymorph (7)
 J - a wand of acid (8)
Scrolls
 d - 3 scrolls of fear {unknown}
 g - 5 scrolls of remove curse {unknown}
 h - a scroll of random uselessness {unknown}
 i - 4 scrolls of blinking {unknown}
 j - 3 scrolls of teleportation {unknown}
 m - 3 scrolls of magic mapping {unknown}
 r - 2 scrolls of identify
 s - 3 scrolls of immolation
 v - a scroll of amnesia {unknown}
 y - 2 scrolls of fog {unknown}
 K - 3 scrolls of torment {unknown}
Potions
 f - a potion of haste
 k - a potion of berserk rage
 n - 2 potions of curing
 p - 4 potions of might
 u - a potion of invisibility
 x - a potion of brilliance
 z - 2 potions of flight
 A - a potion of stabbing
 B - 2 potions of heal wounds
 C - a potion of magic {unknown}
 I - a potion of cancellation {unknown}


   Skills:
 + Level 5.1 Fighting
 - Level 1.7 Throwing
 - Level 2.6 Dodging
 * Level 10.2 Unarmed Combat
 + Level 6.0 Invocations


You had 8 spell levels left.
You didn't know any spells.
Your spell library contained the following spells:

 Spells                   Type           Power        Failure   Level
 Foxfire                  Conj/Fire      #...         32%         1
 Confusing Touch          Hex            #.......     67%         3
 Conjure Flame            Conj/Fire      #.......     67%         3
 Gell's Gravitas          Tloc           #.........   67%         3
 Inner Flame              Hex/Fire       #.......     67%         3
 Petrify                  Tmut/Erth      #.......     97%         4
 Sticky Flame             Conj/Fire      #.......     97%         4
 Fireball                 Conj/Fire      #.........   100%        5
 Metabolic Englaciation   Hex/Ice        #.........   100%        5
 Yara's Violent Unravell  Hex/Tmut       #.........   100%        5


Dungeon Overview and Level Annotations

Branches:
Dungeon (9/15)             Temple (1/1) D:6
   Lair: D:8-11         Orc: D:9-12

Altars:
Ashenzari
Cheibriados
Dithmenos
Elyvilon
Fedhas
Gozag
Hepliaklqana
Kikubaaqudgha
Makhleb
Nemelex Xobeh
Okawaru
Qazlal
Ru
Sif Muna
Trog
Uskayaw
Vehumet
Wu Jian
Xom
Yredelemnul
Zin
The Shining One

Shops:
D:6 !

Annotations:
D:6 1 runed translucent door


Innate Abilities, Weirdness & Mutations

You have very sharp fingernails.
You are partially covered in sharp spines.
Your movements are slightly less encumbered by armour. (ER -2)


Message History

You are too injured to fight recklessly!
You are too injured to fight recklessly!
Unknown command.
There is an open door here.
You completely miss the gnoll. The gnoll is struck by your spines.
The gnoll hits you but does no damage.
You scratch the gnoll.
The gnoll is severely wounded.
The gnoll barely misses you.
Uskayaw will force your foes to helplessly watch your dance.
Uskayaw prepares the audience for your solo!
The helpless gnoll fails to defend itself.
You mangle the gnoll!!
You kill the gnoll!
You barely miss the white ugly thing.
The white ugly thing is almost dead.
The white ugly thing punches you!
* * * LOW HITPOINT WARNING * * *
The white ugly thing freezes you!!
You die...

# # #######+## # #########
#........# #
........####........# #
....>..gu.##........# #
........#@##........# #
.......u#.##........# #
........#..'........######
........####........+....'
.......g# #.†......######
......g.# ##........# #
######'## #........## # ..
##.######## ####.........#


You could see a white ugly thing and a gnoll.

Vanquished Creatures
  Grinder (D:6)
  A wyvern (D:9)
  Sigmund (D:5)
  An ice beast (D:6)
  2 black bears
  An ogre (D:6)
  A big kobold (D:8)
  6 bullfrogs
  A scorpion (D:7)
  5 killer bees (D:8)
  5 wights (D:8)
  2 howler monkeys (D:9)
  A bullfrog zombie (D:7)
  A centaur zombie (D:8)
  2 hounds (D:7)
  A centaur skeleton (D:7)
  An orc priest (D:3)
  An iguana (D:5)
  3 orc wizards
  5 worker ants
  A hound zombie (D:5)
  3 hound skeletons
  A howler monkey zombie (D:6)
  Robin (D:2)
  5 gnolls
  8 adders
  A shadow imp (D:5)
  2 white imps
  An ufetubus (D:5)
  A worm (D:3)
  A dart slug (D:1)
  2 leopard geckos
  15 orcs
  4 giant cockroaches
  10 hobgoblins
  9 jackals
  5 quokkas
  2 ball pythons
  8 bats
  5 frilled lizards
  16 goblins
  A goblin skeleton (D:6)
  A jackal skeleton (D:4)
  A jackal zombie (D:3)
  6 kobolds
  A kobold zombie (D:6)
  A leopard gecko zombie (D:6)
  10 rats
164 creatures vanquished.

Vanquished Creatures (others)
  A leopard gecko (D:2)
  A frilled lizard (D:2)
2 creatures vanquished.

Grand Total: 166 creatures vanquished

Notes
Turn   | Place    | Note
-------+----------+-------------------------------------------
     0 | D:1      | Alarkh the Demonspawn Gladiator began the quest for the
                  | Orb.
     0 | D:1      | Reached XP level 1. HP: 16/16 MP: 1/1
   239 | D:1      | Reached skill level 3 in Unarmed Combat
   248 | D:1      | Gained mutation: You have sharp fingernails. [demonic
                  | ancestry]
   248 | D:1      | Reached XP level 2. HP: 12/22 MP: 2/2
   737 | D:1      | Reached XP level 3. HP: 26/27 MP: 3/3
   839 | D:2      | Reached skill level 4 in Unarmed Combat
   959 | D:2      | Noticed Robin
  1017 | D:2      | Killed Robin
  1017 | D:2      | Gained mutation: You are partially covered in sharp spines.
                  | [demonic ancestry]
  1017 | D:2      | Reached XP level 4. HP: 8/33 MP: 4/4
  1659 | D:2      | Found a radiant altar of Vehumet.
  1848 | D:3      | Reached skill level 5 in Unarmed Combat
  1854 | D:3      | Gained mutation: You have very sharp fingernails. [demonic
                  | ancestry]
  1854 | D:3      | Reached XP level 5. HP: 30/38 MP: 5/5
  2726 | D:4      | You fall into a shaft and drop 2 floors!
  2726 | D:6      | Found a burning altar of Makhleb.
  2789 | D:6      | Noticed an ogre
  2793 | D:6      | Killed an ogre
  2793 | D:6      | Reached skill level 6 in Unarmed Combat
  2793 | D:6      | Reached XP level 6. HP: 44/44 MP: 6/6
  2805 | D:6      | Found a runed translucent door.
  2805 | D:6      | Noticed a human
  2813 | D:6      | Found a basalt altar of Yredelemnul.
  2904 | D:6      | Found Xeuth's Distillery.
  2907 | D:6      | Bought a potion of might for 48 gold pieces
  2941 | D:6      | Noticed an ice beast
  2948 | D:6      | Killed an ice beast
  2948 | D:6      | Reached skill level 7 in Unarmed Combat
  3051 | D:6      | Found a staircase to the Ecumenical Temple.
  3076 | Temple   | Entered the Ecumenical Temple
  3401 | Temple   | Became a worshipper of Uskayaw the Reveler
  3472 | D:6      | Reached * piety under Uskayaw
  3473 | D:6      | Reached XP level 7. HP: 50/50 MP: 7/7
  3480 | D:6      | Noticed Grinder
  3485 | D:6      | Reached ** piety under Uskayaw
  3496 | D:6      | Killed Grinder
  3496 | D:6      | Reached skill level 8 in Unarmed Combat
  3605 | D:5      | Entered Level 5 of the Dungeon
  3613 | D:5      | Reached *** piety under Uskayaw
  3627 | D:5      | Reached **** piety under Uskayaw
  3771 | D:4      | Reached skill level 1 in Invocations
  4365 | D:5      | Noticed Sigmund
  4377 | D:5      | Killed Sigmund
  4377 | D:5      | Gained mutation: Your movements are slightly less
                  | encumbered by armour. (ER -2) [demonic ancestry]
  4377 | D:5      | Reached XP level 8. HP: 34/57 MP: 7/9
  4731 | D:7      | Reached skill level 9 in Unarmed Combat
  4739 | D:7      | Reached ***** piety under Uskayaw
  5783 | D:8      | Reached skill level 5 in Invocations
  5943 | D:8      | Reached XP level 9. HP: 65/66 MP: 12/12
  6193 | D:8      | Reached skill level 10 in Unarmed Combat
  6488 | D:9      | Reached skill level 5 in Fighting
  6557 | D:9      | Noticed a white ugly thing
  6567 | D:9      | Mangled by a white ugly thing

Illustrated notes

Levels and vault maps discovered:
D:1:      lightli_molten_gateway, layout_rooms, minmay_misc_feat_pillars
D:2:      layout_basic, fiery_altar_vehumet, uniq_robin
D:3:      layout_basic
D:4:      layout_loops_ring
D:5:      layout_cave_pools, uniq_sigmund
D:6:      layout_basic, minmay_temple_entry_junction_2, basic_altar,
          serial_shops, nicolae_shop_stone, dk_yredelemnul_ordeal, uniq_grinder
D:7:      layout_basic
D:8:      layout_basic
D:9:      layout_roguey, enter_bailey_3
Temple:   compressed_dpeg_triangle_lava_temple

Skill      XL: |  1  2  3  4  5  6  7  8  9 |
---------------+----------------------------+-----
Unarmed Combat | 3 4 5 6 7 8 9 10 | 10.2
Invocations    | 2 5 6 |  6.0
Fighting       | 4 5 |  5.1
Throwing       | |  1.7
Dodging        | |  2.6

Action                   |  1- 3 |  4- 6 |  7- 9 || total
-------------------------+-------+-------+-------++-------
Melee: Unarmed           |   141 |   135 |   181 ||   457
       Punch             |     2 |     2 |    12 ||    16
  Use: Potion            |     3 |     1 |     4 ||     8
       Scroll            |       |     2 |     3 ||     5
 Stab: Sleeping          |       |     5 |     1 ||     6
       Paralysed         |       |       |    14 ||    14
Armor: Leather armour    |    32 |    26 |    27 ||    85
       Skin              |       |       |    10 ||    10
Dodge: Dodged            |   106 |    64 |    98 ||   268

Table legend: (Time is in decaauts)
 A = Elapsed time spent in this place.
 B = Non-inter-level travel time spent in this place.
 C = Inter-level travel time spent in this place.
 D = Time resting spent in this place.
 E = Time spent auto-exploring this place.
 F = Levels seen in this place.
 G = Mean time per level.
                   A        B        C        D        E       F      G
               +--------+--------+--------+--------+--------+-----+--------+
         Total |   6510 |   6251 |    259 |    719 |   4657 |  10 |  651.0 |
       Dungeon |   6177 |   5940 |    237 |    719 |   4348 |   9 |  686.3 |
        Temple |    332 |    311 |     21 |      0 |    309 |   1 |  332.0 |
               +--------+--------+--------+--------+--------+-----+--------+

Top non-repeatable levels by time:
     D:2: 907 daAuts
     D:3: 877 daAuts
     D:8: 861 daAuts
     D:7: 835 daAuts
     D:1: 827 daAuts
     D:6: 585 daAuts
     D:5: 563 daAuts
     D:4: 562 daAuts
  Temple: 332 daAuts
     D:9: 158 daAuts
